 Dungeon Crawl Stone Soup version 0.17-b1-15-g0f5fb43 (webtiles) character file.

84 4thArraOfDagon the Skirmisher (level 4, -3/37 HPs)
             Began as a Mummy Monk on Nov 2, 2015.
             Was a Priest of Cheibriados.
             Slain by an iron imp (8 damage)
             ... summoned by Natasha
             ... on level 4 of the Dungeon.
             The game lasted 00:08:35 (1350 turns).

4thArraOfDagon the Skirmisher (Mummy Monk)          Turns: 1350, Time: 00:08:35

Health: -3/37      AC: 14    Str: 20    XL:     4   Next: 24%
Magic:  4/4        EV:  2    Int: 16    God:    Cheibriados [***...]
Gold:   76         SH:  0    Dex: 20    Spells: 0 memorised, 3 levels left

rFire  x . .     SeeInvis .       - Unarmed
rCold  + . .     Clarity  .     k - +0 plate armour
rNeg   + + +     SustAt   .     (no shield)
rPois  ∞         Gourm    .     d - +1 hat
rElec  .         Spirit   .     (no cloak)
rCorr  .         Warding  .     l - +0 pair of gloves
rMut   .         Stasis   .     g - +1 pair of boots
MR     .....                    (no amulet)
Stlth  ..........               (no ring)
                                b - -5 ring of evasion

@: confused, very slow, not resistant to hostile enchantments, extremely
unstealthy
A: no food or potions, fire vulnerability, cold resistance 1, negative energy
resistance 3, torment resistance, unbreathing
a: Bend Time, Temporal Distortion, Renounce Religion


You were on level 4 of the Dungeon.
You worshipped Cheibriados.
Cheibriados was most pleased with you.
You were not hungry.

You visited 1 branch of the dungeon, and saw 4 of its levels.

You collected 76 gold pieces.

Inventory:

Hand Weapons
 i - a +0 hand axe
Missiles
 f - 19 stones (quivered)
Armour
 d - a +1 hat (worn)
 g - a +1 pair of boots (worn)
 k - a +0 plate armour (worn)
 l - a +0 pair of gloves (worn)
Jewellery
 b - a -5 ring of evasion (left hand)
Scrolls
 c - 3 scrolls of blinking
 e - 3 scrolls of magic mapping
 j - 2 scrolls of identify


   Skills:
 + Level 3.8 Fighting
 * Level 1.0 Axes
 + Level 1.1 Armour
 + Level 3.0 Dodging
 - Level 1.5 Stealth
 - Level 3.2 Unarmed Combat
 + Level 0.5 Invocations


You had 3 spell levels left.
You didn't know any spells.

Dungeon Overview and Level Annotations

Branches:
Dungeon (4/15)
 Temple: D:4-7

Altars:
Cheibriados
The Shining One

Annotations:
D:4 Natasha


Innate Abilities, Weirdness & Mutations

You do not eat or drink.
Your flesh is vulnerable to fire.
You are immune to poison.
Your flesh is cold resistant.
You are immune to negative energy.
You are immune to unholy pain and torment.
You can survive without breathing.


Message History

You can't drink.
You can't drink.
You're too confused!
You can't drink.
You're too confused!
You're too confused!
You can't drink.
You're too confused!
You can't drink.
You're too confused!
You can't drink.
You're too confused!
You can't drink.
You're too confused!
You can't drink.
You're too confused to attack without stumbling around!
You bump into the rock wall.
The shadow imp hits you but does no damage.
The iron imp hits you!
You die...

#....# #.....#
#....####.....#
#..<..........# .
#....######...# ...######
#...#♣♣♣
.......#######......#
........5.[............>.
.......#h#########.####.#
..)....#@5...# .#
.......#5....# ##
.......#..$..#
......h#........
.......#.....###
.......#.....# #.....#
......#


You could see an iron imp, Natasha and 2 shadow imps.

Vanquished Creatures
  A gnoll (D:1)
  3 adders
  A giant gecko (D:3)
  2 orcs (D:3)
  A giant cockroach (D:3)
  5 goblins
  6 hobgoblins
  4 kobolds
  3 quokkas
  4 bats
  3 giant newts (D:2)
  6 jackals (D:1)
  4 rats
43 creatures vanquished.

Vanquished Creatures (others)
  4 toadstools (D:1)
4 creatures vanquished.

Grand Total: 47 creatures vanquished

Notes
Turn   | Place    | Note
--------------------------------------------------------------
     0 | D:1      | 4thArraOfDagon the Mummy Monk began the quest for the Orb.
     0 | D:1      | Reached XP level 1. HP: 18/18 MP: 1/1
   188 | D:2      | Found a snail-covered altar of Cheibriados.
   199 | D:2      | Became a worshipper of Cheibriados the Contemplative
   199 | D:2      | Reached * piety under Cheibriados
   199 | D:2      | Reached ** piety under Cheibriados
   268 | D:1      | Reached XP level 2. HP: 20/24 MP: 2/2
   628 | D:1      | Reached XP level 3. HP: 19/29 MP: 3/3
   730 | D:2      | WTF
   845 | D:2      | Reached skill level 1 in Armour
  1082 | D:3      | Reached XP level 4. HP: 30/37 MP: 4/4
  1149 | D:3      | Reached *** piety under Cheibriados
  1149 | D:3      | Reached skill level 1 in Axes
  1219 | D:3      | Found a glowing golden altar of the Shining One.
  1324 | D:4      | Noticed Natasha
  1350 | D:4      | Slain by an iron imp

Action                   |  1- 3 |  4- 6 || total
-------------------------+-------+-------++-------
Melee: Unarmed           |   159 |    32 ||   191
Throw: Stone             |    11 |       ||    11
  Use: Scroll            |     5 |     1 ||     6
 Stab: Sleeping          |     3 |     1 ||     4
